[Event "KSB 24/25 Ostrava Jih B - Morkov"]
[Site "1. š"]
[Date "2024.11.03"]
[Round "2.1"]
[White "Lys, Josef"]
[Black "Zelenka, Milan"]
[Result "1-0"]
[ECO "D30"]
[WhiteElo "2136"]
[BlackElo "1969"]
[PlyCount "90"]
[EventDate "2024.??.??"]
[TimeControl "60/120:0"]

1. d4 Nf6 2. Nf3 e6 3. g3 Be7 4. Bg2 O-O 5. O-O c5 6. c4 d5 7. cxd5 exd5 8. Nc3 Nc6 9. b3 Bf5 10. Bb2 Qd7 11. Ne5 Qe6 12. Nxc6 bxc6 13. Na4 Nd7 14. dxc5 Bf6 15. Bxf6 Nxf6 16. Re1 Bh3 17. Qd4 Rfe8 18. Nc3 Bxg2 19. Kxg2 Ne4 20. Nxe4 Qxe4+ 21. Qxe4 Rxe4 22. e3 a5 23. Rab1 Rb8 24. Red1 Rb5 25. Rdc1 Kf8 26. Kf3 Reb4 27. Ke2 Ke7 28. Kd3 a4 29. Rc3 a3 30. f3 f5 31. Re1 Ke6 32. Rc2 Ke5 33. h3 g5 34. g4 h5 35. Rg1 hxg4 36. hxg4 f4 37. Rb1 fxe3 38. Kxe3 d4+ 39. Kd3 Kf4 40. Rh2 Rb8 41. Re2 Rxb3+ 42. axb3 Rxb3+ 43. Kxd4 Rb4+ 44. Kc3 a2 45. Kxb4 Z0 1-0

[Event "KSB 24/25 Ostrava Jih B - Morkov"]
[Site "2."]
[Date "2024.11.03"]
[Round "2.2"]
[White "Jancalek, Petr"]
[Black "Vysoglad, Petr"]
[Result "0-1"]
[ECO "C02"]
[WhiteElo "1880"]
[BlackElo "1977"]
[PlyCount "54"]
[EventDate "2024.??.??"]
[TimeControl "60/120:0"]

1. e4 e6 2. d4 d5 3. e5 c5 4. Qg4 cxd4 5. Nf3 Nc6 6. Bd3 Nb4 7. O-O Nxd3 8. cxd3 Ne7 9. Bg5 h6 10. Bh4 g5 11. Bg3 Nf5 12. h4 Be7 13. h5 Qb6 14. Nbd2 Bd7 15. Rfc1 Rc8 16. Nb3 Rxc1+ 17. Rxc1 a5 18. Rc2 a4 19. Nbxd4 Nxd4 20. Nxd4 O-O 21. Ne2 Bb5 22. d4 Bd3 23. Rd2 Bf5 24. Qf3 Rc8 25. Nc3 Qc6 26. Qd1 a3 27. Na4 Bc2 {-} 0-1

[Event "KSB 24/25 Ostrava Jih B - Morkov"]
[Site "3. š."]
[Date "2024.11.03"]
[Round "2.3"]
[White "Cempel, Jaroslav"]
[Black "Zelenka, Pavel"]
[Result "1-0"]
[ECO "B52"]
[WhiteElo "1947"]
[BlackElo "1823"]
[PlyCount "92"]
[EventDate "2024.??.??"]
[TimeControl "60/120:0"]

1. e4 c5 2. Nf3 d6 3. Bb5+ Bd7 4. Bxd7+ Nxd7 5. O-O Ngf6 6. Re1 e6 7. c3 Be7 8. d4 cxd4 9. cxd4 O-O 10. Nc3 a6 11. a4 Ne8 12. Be3 Nc7 13. Qb3 Rb8 14. Nd2 b5 15. axb5 Nxb5 16. Qa2 Nxc3 17. bxc3 Ra8 18. Reb1 Qc7 19. Rb3 Rfb8 20. Rxb8+ Qxb8 21. Qc4 Qc8 22. Qxc8+ Rxc8 23. Rxa6 Nf6 24. c4 h6 25. h3 Rb8 26. g4 g5 27. Kf1 Kg7 28. Ke2 Nh7 29. Kd3 Nf8 30. Ra7 Ng6 31. Ke2 Rc8 32. Ra6 Nh4 33. Kd3 Ng6 34. Nb3 Rb8 35. Kc2 Nf4 36. Bxf4 gxf4 37. c5 dxc5 38. dxc5 Rxb3 39. Kxb3 Bxc5 40. f3 Be7 41. Ra5 Kg6 42. Kc4 Bf6 43. Rh5 e5 44. Kd5 Bg7 45. Rxe5 Bxe5 46. Kxe5 Kg5 1-0

[Event "KSB 24/25 Ostrava Jih B - Morkov"]
[Site "4. š"]
[Date "2024.11.03"]
[Round "2.4"]
[White "Adamcik, David"]
[Black "Sima, Nikola"]
[Result "1/2-1/2"]
[ECO "D53"]
[WhiteElo "1788"]
[BlackElo "1883"]
[PlyCount "43"]
[EventDate "2024.??.??"]
[TimeControl "60/120:0"]

1. d4 d5 2. c4 e6 3. Nc3 Nf6 4. Bg5 Be7 5. e3 a6 6. Nf3 dxc4 7. Bxc4 b5 8. Bb3 Bb7 9. O-O Nbd7 10. Re1 Rc8 11. a3 c5 12. dxc5 Nxc5 13. Bc2 O-O 14. h3 Qb6 15. Qe2 Rc7 16. Red1 b4 17. axb4 Qxb4 18. Rab1 Rd8 19. Rd4 Qb6 20. Bf4 Rcd7 21. Rxd7 Ncxd7 22. Bd3 1/2-1/2

[Event "KSB 24/25 Ostrava Jih B - Morkov"]
[Site "5. š."]
[Date "2024.11.03"]
[Round "2.5"]
[White "Skockova, Katerina"]
[Black "Can, Jan"]
[Result "1/2-1/2"]
[ECO "B58"]
[WhiteElo "1826"]
[BlackElo "1767"]
[PlyCount "29"]
[EventDate "2024.??.??"]
[TimeControl "60/120:0"]

1. e4 c5 2. Nf3 Nc6 3. d4 cxd4 4. Nxd4 d6 5. Nc3 Nf6 6. Be2 a6 7. Be3 Bd7 8. Qd2 g6 9. f3 Bg7 10. a3 Rc8 11. h4 h5 12. Rd1 Qc7 13. Kf2 Ne5 14. g3 Nc4 15. Bxc4 {--1/2-1/2} 1/2-1/2

[Event "KSB 24/25 Ostrava Jih B - Morkov"]
[Site "2. š."]
[Date "2024.11.03"]
[Round "2.7"]
[White "Snopek, Jiri"]
[Black "Machac, Petr"]
[Result "1-0"]
[ECO "A13"]
[WhiteElo "1767"]
[BlackElo "1686"]
[PlyCount "63"]
[EventDate "2024.??.??"]
[TimeControl "60/120:0"]

1. Nf3 Nf6 2. c4 e6 3. b3 Nc6 4. Bb2 Be7 5. g3 d5 6. d4 O-O 7. Bg2 Ne4 8. O-O Bf6 9. e3 Ne7 10. Nbd2 Nxd2 11. Qxd2 c6 12. Rfd1 Ng6 13. Rac1 Qe7 14. Ne5 Bd7 15. f4 Bxe5 16. dxe5 Rad8 17. Qc3 Bc8 18. Qa5 b6 19. Qa4 Qb7 20. cxd5 cxd5 21. Ba3 Rfe8 22. Bd6 Ne7 23. Rc7 b5 24. Rxb7 bxa4 25. Rxe7 Rxe7 26. Bxe7 Rd7 27. Rc1 Ba6 28. Bd6 axb3 29. axb3 h6 30. Bf1 Bxf1 31. Kxf1 Rb7 32. b4 1-0

[Event "KSB 24/25 Ostrava Jih B - Morkov"]
[Site "8. š."]
[Date "2024.11.03"]
[Round "2.8"]
[White "Cernoch, Petr"]
[Black "Chmela, Zdenek"]
[Result "1/2-1/2"]
[ECO "D02"]
[WhiteElo "1783"]
[BlackElo "1848"]
[PlyCount "93"]
[EventDate "2024.??.??"]
[TimeControl "60/120:0"]

1. d4 d5 2. Nf3 Nc6 3. Bf4 Nf6 4. e3 Bg4 5. Be2 e6 6. a3 Be7 7. O-O h6 8. Ne5 Bxe2 9. Qxe2 Nxe5 10. Bxe5 a6 11. Nd2 O-O 12. Rac1 b5 13. b4 a5 14. c3 Qd7 15. Ra1 a4 16. Bxf6 Bxf6 17. f4 c6 18. Nf3 Qe8 19. Kh1 Be7 20. Rg1 f6 21. Rae1 Bd6 22. g4 e5 23. f5 Qd7 24. Qd2 Rae8 25. Re2 Rf7 26. Nh4 exd4 27. cxd4 Rfe7 28. Ng6 Re4 29. Rf1 Bc7 30. Nf4 Bxf4 31. Rxf4 Qd6 32. Kg2 Qe7 33. Rf3 Kf7 34. Qc1 Rc8 35. Rc2 Qd6 36. Rc3 Re7 37. Qe1 Qd7 38. Qg3 Qe8 39. h4 Kg8 40. h5 Qd7 41. Kf2 Re4 42. Kg2 Qe7 43. Kf2 Kf7 44. Kg2 Ke8 45. Kf2 Kd7 46. Rc5 Re8 47. Rc3 1/2-1/2